 Dungeon Crawl Stone Soup version 0.17.1-1-g73c8601 (console) character file.

182 Kloppie the Slasher (level 5, -5/41 HPs)
             Began as a Demonspawn Gladiator on Dec 31, 2015.
             Killed by divine providence
             ... invoked by an orc priest
              (8 damage)
             ... on level 3 of the Dungeon.
             The game lasted 00:05:19 (2476 turns).

Kloppie the Slasher (Demonspawn Gladiator)          Turns: 2476, Time: 00:05:19

Health: -5/41      AC:  8    Str: 16    XL:     5   Next: 34%
Magic:  5/5        EV:  7    Int:  9    God:
Gold:   143        SH:  0    Dex: 14    Spells: 0 memorised, 4 levels left

rFire  . . .     SeeInvis .     a - +0 long sword
rCold  . . .     Clarity  .     n - +0 chain mail
rNeg   . . .     SustAt   .     (no shield)
rPois  .         Gourm    .     (helmet restricted)
rElec  .         Spirit   .     (no cloak)
rCorr  .         Warding  .     (no gloves)
rMut   .         Stasis   .     (no boots)
MR     .....                    (no amulet)
Stlth  ..........               (no ring)
                                (no ring)

@: not resistant to hostile enchantments, extremely unstealthy
A: antennae 1, claws 1, talons 1
a: no special abilities


You were on level 3 of the Dungeon.
You were not hungry.

You visited 1 branch of the dungeon, and saw 3 of its levels.

You collected 143 gold pieces.

Inventory:

Hand Weapons
 a - a +0 long sword (weapon)
Missiles
 d - 3 throwing nets (quivered)
Armour
 n - a +0 chain mail (worn)
Jewellery
 k - an uncursed ring of stealth {unknown}
 r - an uncursed ring of protection from fire {unknown}
Scrolls
 c - a scroll of teleportation {unknown}
 f - a scroll of magic mapping {unknown}
 g - a scroll of remove curse {unknown}
 h - a scroll of fear {unknown}
 i - a scroll of identify {unknown}
 j - 2 scrolls of amnesia {unknown}
 p - a scroll of fog {unknown}
 s - a scroll of recharging {unknown}
 t - a scroll of noise {unknown}
Potions
 l - 2 potions of agility {unknown}
 m - a potion of haste {unknown}
 q - a potion of might {unknown}
Comestibles
 e - 3 bread rations
 o - 3 fruits
 u - 9 chunks of flesh


   Skills:
 + Level 3.6 Fighting
 - Level 3.7 Long Blades
 - Level 1.7 Throwing
 + Level 2.4 Armour
 - Level 2.6 Dodging
 + Level 0.6 Unarmed Combat


You had 4 spell levels left.
You didn't know any spells.

Dungeon Overview and Level Annotations

Branches:
Dungeon (3/15)

Altars:
Ashenzari
Cheibriados
Elyvilon


Innate Abilities, Weirdness & Mutations

You have a pair of small antennae on your head.
You have sharp fingernails.
You have sharp toenails.


Message History

* * * LOW HITPOINT WARNING * * *
Your chain mail prevents you from hitting the orc priest.
You claw the orc priest, but do no damage.
The orc priest is moderately wounded.
The orc priest hits you with a club.
* * * LOW HITPOINT WARNING * * *
You hit the orc priest.
The orc priest is severely wounded.
The orc priest calls down the wrath of Beogh upon you.
Something smites you!
* * * LOW HITPOINT WARNING * * *
Your chain mail prevents you from hitting the orc priest.
You claw the orc priest, but do no damage.
The orc priest is severely wounded.
The orc priest hits you but does no damage.
You hit the orc priest.
You kill the orc priest!
The orc priest mumbles some strange prayers to Beogh against you.
Something smites you!
You die...

.# ##.......#♣._## .#
#...##..'...8# ##
#...#..##♣._## #
######.##..## ##.# #
##......##.## ###
######..#######.#
....#..## #...#
..#.....#####.#########.##
.....##...).....@)o).....#
.#.....####...########....
...###.# #.### . ..##
#.####.# ..# #...##.# ..##
###..#.# #
#..######...#### .
#.....###......# .#
....#..........##.#


You could see an orc priest.

Vanquished Creatures
  An orc wizard (D:3)
  An orc priest (D:3)
  6 adders
  3 worms
  7 orcs (D:3)
  4 giant cockroaches
  5 goblins
  6 hobgoblins
  6 bats
  A giant newt (D:1)
  5 kobolds
  7 rats
52 creatures vanquished.

Notes
Turn   | Place    | Note
--------------------------------------------------------------
     0 | D:1      | Kloppie the Demonspawn Gladiator began the quest for the Orb.
     0 | D:1      | Reached XP level 1. HP: 16/16 MP: 1/1
   253 | D:1      | Reached skill level 3 in Long Blades
   304 | D:1      | Gained mutation: You have a pair of small antennae on your head. [demonic ancestry]
   304 | D:1      | Reached XP level 2. HP: 22/22 MP: 2/2
   742 | D:2      | Reached skill level 1 in Armour
   755 | D:2      | Gained mutation: You have sharp fingernails. [demonic ancestry]
   755 | D:2      | Reached XP level 3. HP: 18/28 MP: 3/3
  1618 | D:2      | Found a faded altar to an unknown god.
  1625 | D:2      | Reached XP level 4. HP: 32/34 MP: 4/4
  2255 | D:3      | Found a white marble altar of Elyvilon.
  2316 | D:3      | HP: 1/35 [orc wizard/puff of flame (10)]
  2319 | D:3      | Gained mutation: You have sharp toenails. [demonic ancestry]
  2319 | D:3      | Reached XP level 5. HP: 28/41 MP: 5/5
  2413 | D:3      | Found a snail-covered altar of Cheibriados.
  2414 | D:3      | Found a shattered altar of Ashenzari.
  2474 | D:3      | HP: 2/41 [orc priest/divine providence (14)]
  2476 | D:3      | Killed from afar by an orc priest

Action                   |  1- 3 |  4- 6 || total
-------------------------+-------+-------++-------
Melee: Long sword        |   121 |   119 ||   240
  Use: Potion            |       |     4 ||     4
  Eat: Chunk             |     1 |     4 ||     5
